Map: Bridgehead LE (Void)

Players

nomoreblunts

  • Race: Terran Terran
  • League: Platinum

GLaDOS - Winner!

  • Race: Zerg Zerg
  • League: Silver

VOD

Have the link to the VOD?

Description

Time

  • Played on: Aug. 11, 2015, 2:10 p.m.
  • Length: 20:27
Show
View Real Time Build Order
Export as new Build Order

nomoreblunts Terran 

Build Orders: Reaper Expand 

Get SALT Encoding   

  12  0:01  SCV  
  13  0:13  SCV  
  14  0:19  Supply Depot  
  14  0:25  SCV  
  15  0:40  SCV  
  15  0:42  Barracks  
  16  0:47  Refinery  
  16  0:52  SCV  
  17  1:05  SCV  
  18  1:17  SCV  
  19  1:30  Orbital Command  
  19  1:31  Reaper  
  20  1:42  Command Center  
  20  1:56  SCV  
  21  2:01  Supply Depot  
  21  2:08  SCV  
  22  2:09  Marine  
  23  2:16  Factory  
  23  2:23  SCV  
  23  2:28  Barracks  
  24  2:30  Barracks  
  24  2:31  Marine  
  24  2:35  SCV  
  26  2:47  SCV  
  27  2:52  Marine  
  27  2:57  Orbital Command  
  28  2:59  SCV  
  28  3:02  Widow Mine  
  31  3:06  Starport  
  31  3:10  Refinery  
  31  3:11  SCV  
  32  3:15  Marine x2  
  32  3:17  Marine  
  35  3:23  SCV  
  35  3:24  SCV  
  37  3:31  Widow Mine  
  37  3:32  Marine  
  37  3:33  Marine  
  41  3:35  SCV, Marine  
  43  3:44  Supply Depot, SCV  
  43  3:46  Medivac  
  43  3:47  SCV  
  46  4:05  SCV x2, Widow Mine, Marine x3  
  53  4:11  Command Center  
  53  4:18  SCV  
  53  4:19  Starport Reactor  
  49  4:33  SCV x2  
  50  4:45  SCV x2  
  52  4:47  Barracks Tech Lab, Barracks  
  52  4:48  Barracks Reactor, Barracks  
  52  4:49  Barracks  
  52  4:50  Barracks  
  52  4:56  Factory Tech Lab  
  52  4:57  SCV x2  
  52  4:58  Barracks Reactor  
  54  5:05  Refinery  
  59  5:21  SCV x2, Siege Tank  
  59  5:27  Supply Depot  
  59  5:29  Supply Depot, Refinery  
  59  5:33  SCV x2  
  61  5:36  Engineering Bay  
  61  5:39  Engineering Bay  
  61  5:41  Marine  
  61  5:42  Marine x2  
  64  5:55  Stimpack  
  64  5:56  Barracks Tech Lab  
  64  5:57  Barracks Reactor, Barracks Tech Lab  
  64  5:58  Barracks Reactor  
  64  6:15  Marauder, Marine x2  
  64  6:16  Marine x2, Marauder  
  64  6:18  Marauder  
  64  6:33  Orbital Command  
  64  6:34  Terran Infantry Weapons Level 1, Supply Depot, Terran Infantry Armor Level 1  
  64  6:35  Supply Depot  
  64  6:38  Marauder x2  
  64  6:39  Marine x6  
  72  6:40  Marine x2  
  72  6:43  SCV  
  72  6:44  SCV  
  78  6:55  SCV  
  78  6:56  SCV  
  80  7:04  Orbital Command  
  80  7:06  Armory  
  80  7:07  SCV  
  81  7:08  SCV  
  81  7:14  Medivac x2  
  86  7:16  Marauder x3  
  86  7:19  SCV  
  86  7:21  Missile Turret  
  93  7:25  Missile Turret  
  93  7:31  SCV x3  
  96  7:40  Missile Turret  
  96  7:42  Missile Turret  
  96  7:43  SCV x2  
  98  7:47  Marine x2  
  98  8:03  Marine, Marauder x3  
  98  8:04  Marine x5  
  94  8:16  Marine x2  
  89  8:25  Marauder x2  
  87  8:30  Missile Turret  
  87  8:34  Missile Turret  
  81  8:35  Missile Turret  
  81  8:36  SCV  
  81  8:37  SCV  
  81  8:41  SCV  
  83  8:47  Siege Tank  
  86  8:57  Barracks Reactor  
  86  9:01  SCV x3, Supply Depot  
  86  9:13  SCV x2  
  87  9:19  Marauder x2  
  90  9:29  Marine x4  
  94  9:33  SCV  
  95  9:39  SCV x2  
  95  9:43  Marine x2  
  95  9:45  Marauder  
  98  10:06  Marine x3  
  98  10:07  Marine x6  
  90  10:31  Supply Depot  
  90  10:32  Supply Depot  
  90  10:33  Supply Depot  
  90  10:34  Supply Depot  
  90  10:35  Terran Infantry Weapons Level 2, Terran Infantry Armor Level 2  
  82  10:37  Supply Depot, Marine x2  
  63  10:52  Marine x4, Marauder x3  
  63  10:55  Medivac  
  63  10:56  Medivac  
  70  10:58  Factory Tech Lab  
  70  11:02  Missile Turret  
  70  11:03  Missile Turret  
  70  11:04  Missile Turret  
  70  11:06  Marine x2  
  70  11:07  Missile Turret  
  70  11:08  Missile Turret  
  70  11:09  SCV x2  
  74  11:13  Marauder x2  
  74  11:16  SCV  
  79  11:21  SCV x2  
  81  11:28  SCV  
  81  11:29  Refinery  
  81  11:30  Refinery  
  82  11:37  Missile Turret  
  82  11:38  Missile Turret  
  82  11:45  SCV x2  
  82  11:46  SCV  
  85  11:47  Missile Turret  
  85  11:48  Missile Turret  
  85  11:50  Supply Depot  
  83  11:56  Medivac  
  83  11:57  SCV x2  
  83  11:58  SCV  
  88  12:09  SCV  
  89  12:24  Medivac  
  89  12:27  Marauder x3, Marine x5  
  89  12:28  Marine  
  103  12:39  SCV x2  
  103  12:40  SCV  
  106  12:50  Marauder  
  106  12:51  SCV, Marine x6, Marauder x2  
  113  12:52  SCV x2  
  121  13:03  SCV  
  121  13:09  Marine x2  
  121  13:10  Siege Tank  
  121  13:12  Marine x4, Marauder x2  
  131  13:13  Marine  
  135  13:23  Supply Depot x2  
  135  13:24  Supply Depot  
  135  13:26  Marine  
  135  13:27  Marine  
  133  13:31  Orbital Command  
  129  13:46  Marine x2, Marauder x3  
  129  13:47  Marine x4  
  137  14:07  Marine x3  
  119  14:35  Marine x9  
  119  14:36  Thor  
  124  14:52  Marine  
  124  14:53  Marine x4  
  111  15:17  Marauder x3, Marine x5  
  111  15:18  Marine  
  114  15:24  Medivac x2  
  114  15:25  Siege Tank  
  119  15:29  SCV x3  
  119  15:32  Combat Shields  
  119  15:33  Concussive Shells  
  119  15:35  Terran Infantry Weapons Level 3, Terran Infantry Armor Level 3, Marine x3  
  124  15:37  Terran Vehicle Weapons Level 1  
  125  15:45  Marine x2, Marauder x3  
  125  15:46  Marine  
  134  15:55  Marine  
  134  15:56  Marine x2  
  137  15:57  Siege Tank  
  137  16:03  Marine x2  
  137  16:04  Marine  
  143  16:06  Marine  
  144  16:35  Marine x4, Marauder x3  
  144  16:36  Marine x2  
  144  16:39  Bunker  
  151  16:53  Marine x2  
  154  16:55  Missile Turret  
  154  16:56  Marauder x2  
  154  16:57  Marauder  
  154  17:04  Marine x2  
  141  17:12  SCV  
  141  17:13  SCV x2  
  143  17:18  Marauder x2  
  142  17:25  SCV x3, Marine x2  
  142  17:26  Marine x3  
  142  17:29  Refinery  
  150  17:31  Refinery  
  150  17:34  Siege Tank  
  150  17:36  Factory  
  150  17:37  SCV x3  
  155  17:39  Marine x2  
  155  17:43  Marine  
  159  17:45  Starport Reactor  
  159  17:47  Marine x2  
  159  17:48  Marauder, Marine  
  159  17:49  SCV  
  165  17:56  SCV  
  165  17:57  SCV, Marauder  
  169  18:01  SCV, Marine, Marauder  
  169  18:05  Marine x2  
  169  18:09  SCV  
  169  18:10  SCV, Siege Tank  
  160  18:33  Factory Tech Lab  
  156  18:37  Marine, Marauder x2  
  156  18:38  Marauder, Marine x3  
  156  18:39  Medivac x2  
  169  18:42  Siege Tank  
  171  18:53  Siege Tank  
  144  19:14  Siege Tank  
  110  19:28  Marauder, Marine x2  
  110  19:29  Marine x3, Marauder  
  116  19:35  SCV x3, Barracks x2  
  116  19:37  Barracks x2  
  119  19:47  SCV x3  
  121  19:55  Barracks  
  121  19:56  Barracks Reactor  
  121  19:59  SCV  
Show
View Real Time Build Order
Export as new Build Order

GLaDOS Zerg - Winner!

Build Orders: Hatch First, Lurkers 

Get SALT Encoding   

  12  0:01  Drone  
  13  0:10  Drone  
  14  0:17  Overlord  
  14  0:30  Extractor  
  14  0:31  Drone x2, Extractor  
  16  0:39  Drone  
  17  0:47  Drone  
  18  0:59  Hatchery  
  18  1:03  Drone  
  18  1:13  Spawning Pool  
  18  1:16  Drone  
  18  1:19  Extractor  
  18  1:22  Drone  
  18  1:29  Drone  
  19  1:40  Drone  
  20  1:51  Overlord  
  20  2:00  Queen  
  22  2:10  Zergling x2  
  22  2:11  Queen  
  22  2:12  Zergling x2  
  22  2:14  Zergling x2  
  27  2:18  Metabolic Boost  
  27  2:29  Drone x2  
  29  2:48  Queen x2  
  29  2:51  Overlord x2  
  33  3:13  Zergling x18  
  33  3:16  Zergling x2  
  43  3:29  Drone x3  
  43  3:30  Drone x2  
  48  3:48  Drone x4  
  52  4:12  Overlord  
  52  4:15  Overlord x2  
  52  4:19  Roach Warren  
  52  4:20  Extractor  
  52  4:22  Evolution Chamber  
  46  4:25  Hatchery  
  42  4:44  Lair  
  40  4:47  Drone x11, Extractor  
  40  4:49  Extractor  
  49  5:23  Drone x12  
  61  5:32  Overlord  
  60  5:52  Drone x9, Spire  
  68  6:06  Zergling x2  
  68  6:07  Zergling x10  
  71  6:17  Zergling x2  
  71  6:18  Zergling x4  
  71  6:39  Baneling Nest  
  70  6:42  Overlord x2  
  70  7:02  Extractor  
  70  7:03  Extractor  
  70  7:04  Mutalisk  
  70  7:05  Mutalisk x8, Hydralisk Den  
  85  7:21  Drone x6  
  85  7:22  Drone x5  
  96  7:31  Mutalisk  
  96  7:34  Overlord x2  
  98  7:51  Overlord x2  
  98  8:03  Baneling x3  
  95  8:08  Drone x2  
  95  8:09  Drone x17  
  114  8:14  Muscular Augments  
  109  8:40  Hydralisk  
  109  8:41  Hydralisk x7  
  108  8:43  Zerg Missile Weapons Level 1, Glial Reconstitution  
  108  8:48  Evolution Chamber  
  119  9:11  Hydralisk  
  119  9:14  Overlord x2  
  121  9:21  Overlord  
  121  9:22  Overlord x2  
  121  9:23  Overlord x2  
  121  9:31  Hatchery  
  121  9:35  Spore Crawler  
  121  9:36  Zergling x18  
  121  9:37  Zergling x12  
  134  9:48  Hydralisk x3  
  134  9:59  Hydralisk x6  
  136  10:09  Hydralisk  
  136  10:10  Lurker Den, Hydralisk x2  
  101  10:40  Hydralisk  
  101  10:41  Hydralisk x7  
  91  11:06  Hatchery  
  90  11:15  Spawning Pool  
  90  11:16  Zerg Missile Weapons Level 2, Zerg Ground Armor Level 1  
  89  11:25  Extractor x2  
  87  11:28  Drone x6  
  93  11:39  Lurker x2  
  98  11:40  Lurker x6  
  101  11:47  Drone x5  
  104  12:14  Hydralisk x5  
  112  12:16  Queen  
  105  12:32  Hydralisk x7  
  105  12:33  Hydralisk  
  105  12:36  Queen  
  123  12:39  Drone  
  124  12:53  Lurker  
  124  12:54  Lurker x4  
  129  13:09  Drone x8  
  137  13:26  Lurker  
  137  13:27  Lurker x5  
  143  13:31  Zergling x4  
  143  13:32  Zergling x14  
  152  13:39  Spore Crawler, Spine Crawler  
  144  13:48  Zerg Ground Armor Level 2  
  144  13:52  Extractor, Infestation Pit, Queen  
  140  14:10  Hydralisk x6  
  140  14:12  Overlord x2  
  148  14:23  Hatchery  
  120  14:43  Hydralisk x2  
  120  14:44  Hydralisk x8  
  120  15:11  Overlord x4  
  117  15:21  Overlord x2  
  115  15:28  Nydus Network  
  114  15:50  Zergling x2  
  114  15:51  Zergling x32  
  114  15:56  Overseer  
  131  16:07  Extractor x2  
  126  16:19  Hatchery  
  124  16:29  Hydralisk x2  
  124  16:31  Hydralisk x6  
  140  16:38  Nydus Canal  
  105  17:14  Lurker x2  
  105  17:15  Lurker x4  
  107  17:18  Zergling x2  
  107  17:19  Zergling x16  
  109  17:34  Hydralisk  
  109  17:35  Hydralisk x2  
  109  17:36  Zergling x4  
  117  17:41  Queen  
  119  17:46  Zergling x8  
  122  18:04  Hydralisk x4  
  122  18:05  Hydralisk x2  
  125  18:26  Zergling x16  
  125  18:27  Zergling x2  
  122  18:38  Queen  
  111  19:07  Hydralisk x8  
  111  19:08  Hatchery, Hydralisk x5  
  97  19:30  Zergling x6  
  97  19:31  Zergling x22  
  103  19:53  Lurker  
  103  19:54  Lurker x4  
  103  19:56  Zergling x2, Extractor  
  103  19:57  Zergling x16  
Tags
 
Add a new tag
Caveats
  • Supply blocks, unpowered buildings, or Contaminate may cause inaccurate times.
  • Supply counts are checked every 10 seconds.